 Dungeon Crawl Stone Soup version 0.20-a0-1122-gb7cbeb9 (webtiles) character file.

289 Monsterracer the Digger (level 6, -7/32 HPs)
             Began as a Gargoyle Earth Elementalist on May 11, 2017.
             Mangled by an ice beast (9 damage)
             ... on level 3 of the Dungeon.
             The game lasted 00:11:01 (5348 turns).

Monsterracer the Digger (GrEE)                      Turns: 5348, Time: 00:11:03

Health: -7/32      AC:  6    Str:  9 (11) XL:     6   Next: 31%
Magic:  1/11       EV: 12    Int: 16 (18) God:
Gold:   131        SH:  0    Dex:  8 (10) Spells: 1/12 levels left

rFire    . . .     SeeInvis .   a - +0 mace
rCold    . . .     Gourm    .   (no shield)
rNeg     + . .     Faith    .   c - +0 robe
rPois    ∞         Spirit   .   (no helmet)
rElec    +         Reflect  .   (no cloak)
rCorr    .         Harm     .   (no gloves)
MR       .....                  (no boots)
Stlth    ++........             (no amulet)
Regen    0.1/turn               (no ring)
MPRegen  0.2/turn               (no ring)

@: very slightly contaminated
A: negative energy resistance 1, electricity resistance, unbreathing,
petrification resistance, rot immunity, AC +4
a: no special abilities


You were on level 3 of the Dungeon.
You were not hungry.

You visited 1 branch of the dungeon, and saw 4 of its levels.

You collected 131 gold pieces.

Inventory:

Hand Weapons
 a - a +0 mace (weapon)
Missiles
 b - 61 stones (quivered)
Armour
 c - a +0 robe (worn)
Jewellery
 n - a +4 ring of slaying {unknown}
Scrolls
 f - 3 scrolls of identify {unknown}
 g - 2 scrolls of teleportation {unknown}
 j - a scroll of blinking {unknown}
 l - a scroll of enchant weapon {unknown}
 o - a scroll of fog {unknown}
Potions
 i - a potion of curing
Books
 e - a book of Geomancy

   Spells                             Type                      Level
   a - Sandblast                      Earth                        1
   b - Passwall                       Transmutation/Earth          2
   c - Stone Arrow                    Conjuration/Earth            3
   d - Petrify                        Transmutation/Earth          4
   e - Lee's Rapid Deconstruction     Earth                        5
Comestibles
 d - 3 bread rations
 h - 3 meat rations
 k - a royal jelly
 m - 6 fruits


   Skills:
 - Level 1.5 Dodging
 - Level 2.1 Stealth
 + Level 3.5 Spellcasting
 + Level 2.4 Conjurations
 - Level 0.7 Transmutations
 * Level 6.5 Earth Magic


You had one spell level left.
You knew the following spells:

 Your Spells              Type           Power        Failure   Level  Hunger
a - Sandblast             Erth           ###...       1%          1    None
b - Passwall              Tmut/Erth      ##........   6%          2    ##.....
c - Stone Arrow           Conj/Erth      ###...       9%          3    ###....
d - Lee's Rapid Deconstr  Erth           ###.......   32%         5    ######.


Dungeon Overview and Level Annotations

Branches:
Dungeon (4/15)
 Temple: D:4-7

Altars:
Hepliaklqana
Qazlal
Ru
Trog

Annotations:
D:3 George's ghost, amateur DsFi


Innate Abilities, Weirdness & Mutations

You are resistant to torment.
Your stone body is resilient. (AC +4)
You are immune to poison.
You resist negative energy. (rN+)
You are resistant to electric shocks. (rElec)
You can survive without breathing.
You are immune to petrification.
You are immune to rotting.


Message History

Casting: Stone Arrow
Confirm with . or Enter, or press ? or * to list all spells.
Aiming: Stone Arrow
Press: ? - help, Shift-Dir - straight line, f - ice beast
Aim: an ice beast (heavily wounded)
You miscast Stone Arrow.
You are very lightly contaminated with residual magic.
You are momentarily dazzled by a flash of light!
The ice beast hits you. The ice beast freezes you! The ice beast hits you.
The ice beast freezes you!
Casting: Stone Arrow
Confirm with . or Enter, or press ? or * to list all spells.
Which direction?
The ice beast hits you. The ice beast freezes you!
* * * LOW HITPOINT WARNING * * *
You begin to meditate on the wall.
You continue meditating on the rock.
The ice beast hits you.
* * * LOW HITPOINT WARNING * * *
The ice beast freezes you!
You die...

#...............####...≈≈#..#
#.###########.....##..≈≈##..# ##
#.### ##### #..#...#_≈≈##...#
.###...###...###..#####8###....#
..##...##.....##)..## ####..#.##
...#...#.......#<#..####...#..#
...'...'..÷.(..###...........##
...#...#.......#.Y>........###
..##...##.....##@###########
.###...###...###.# ## #...#
##### #.# .###...###...###.#
..##...##.....##.#
...#...#.......#.#
...'...'.......#.#
...#...#.......#.#
..##...##.....##.#


You could see an ice beast.

Vanquished Creatures
  A bullfrog (D:2)
  A hound (D:3)
  A hound skeleton (D:3)
  3 gnolls
  6 adders
  An ooze (D:1)
  7 worms
  A dart slug (D:1)
  3 leopard geckos
  2 giant cockroaches
  5 goblins
  8 hobgoblins
  3 jackals
  2 quokkas
  10 bats
  6 frilled lizards
  10 kobolds
  8 rats
78 creatures vanquished.

Notes
Turn   | Place    | Note
-------+----------+-------------------------------------------
     0 | D:1      | Monsterracer the Gargoyle Earth Elementalist began the quest for the Orb.
     0 | D:1      | Reached XP level 1. HP: 10/10 MP: 3/3
   383 | D:1      | Reached skill level 4 in Earth Magic
   439 | D:1      | Reached XP level 2. HP: 15/15 MP: 5/5
   443 | D:1      | Learned a level 2 spell: Passwall
   736 | D:1      | Reached XP level 3. HP: 9/19 MP: 0/6
   901 | D:1      | Learned a level 3 spell: Stone Arrow
  1604 | D:2      | Reached skill level 5 in Earth Magic
  1616 | D:2      | Reached XP level 4. HP: 20/24 MP: 6/8
  1915 | D:2      | Reached skill level 1 in Conjurations
  2800 | D:2      | Noticed a bullfrog
  2804 | D:2      | Killed a bullfrog
  2804 | D:2      | Reached XP level 5. HP: 28/28 MP: 1/9
  3025 | D:3      | Found a hazy altar of Hepliaklqana.
  3091 | D:3      | Noticed George's ghost (amateur DsFi)
  4270 | D:3      | Reached skill level 6 in Earth Magic
  4319 | D:3      | Reached XP level 6. HP: 32/32 MP: 3/11
  4326 | D:3      | Learned a level 5 spell: Lee's Rapid Deconstruction
  4517 | D:3      | Found a stormy altar of Qazlal.
  4517 | D:3      | Found a bloodstained altar of Trog.
  4518 | D:3      | Found a sacrificial altar of Ru.
  5339 | D:4      | Noticed an ice beast
  5348 | D:3      | Mangled by an ice beast

Vault maps used:
D:1:      tarquinn_simple_flora_water_a, solitary_fountain
D:3:      kennysheep_six_static_rooms, lemuel_doored_altar,
          gammafunk_temple_overflow_claw, first_bread, item_on_display_a
D:4:      minmay_guarded_unrand_vampires_tooth, uniq_grinder

Skill      XL: |  1  2  3  4  5 |
---------------+----------------+-----
Earth Magic    | 4 5 6 |  6.5
Conjurations   | 1 2 |  2.4
Spellcasting   | 3 |  3.5
Dodging        | |  1.5
Stealth        | |  2.1
Transmutations | |  0.7

Action                   |  1- 3 |  4- 6 || total
-------------------------+-------+-------++-------
Melee: Club              |    21 |       ||    21
       Mace              |    46 |    89 ||   135
 Cast: Sandblast         |    36 |    28 ||    64
       Stone Arrow       |     3 |    35 ||    38
       Passwall          |     1 |     5 ||     6
  Use: Potion            |     3 |     2 ||     5
 Stab: Sleeping          |     2 |     2 ||     4
  Eat: Chunk             |     3 |    13 ||    16
       Royal jelly       |       |     1 ||     1
       Fruit             |       |     1 ||     1
Armor: Robe              |    32 |    73 ||   105
Dodge: Dodged            |    59 |   137 ||   196
